 Dungeon Crawl Stone Soup version 0.22.1-2-g9c5b331383 (webtiles) character file.

1262 Marnok the Cleaver (level 8, -17/70 HPs)
             Began as a Minotaur Gladiator on Nov 29, 2018.
             Was an Initiate of Ashenzari.
             Demolished by an ogre
             ... wielding a +0 giant club
              (31 damage)
             ... on level 5 of the Dungeon.
             The game lasted 00:32:04 (5288 turns).

Marnok the Cleaver (Minotaur Gladiator)             Turns: 5288, Time: 00:32:05

Health: -17/70     AC:  1    Str: 21    XL:     8   Next: 27%
Magic:  10/10      EV: 14    Int:  7    God:    Ashenzari [......]
Gold:   348        SH:  0    Dex: 12    Spells: 11/11 levels left

rFire    + . .     SeeInvis .   a - +1 war axe
rCold    + . .     Gourm    .   (no shield)
rNeg     . . .     Faith    .   b - +0 leather armour
rPois    .         Spirit   .   c - +0 hat
rElec    .         Reflect  .   k - +2 cloak
rCorr    .         Harm     .   (no gloves)
MR       .....                  (no boots)
Stlth    +++.......             G - amulet of regeneration
HPRegen  0.61/turn              m - ring of stealth
MPRegen  0.12/turn              n - -5 ring of protection (curse)

@: about to teleport, heavily drained
A: retaliatory headbutt, horns 2, clever 1, cold resistance 1, fire resistance 1
a: Curse Item, Renounce Religion


You were on level 5 of the Dungeon.
You worshipped Ashenzari.
Ashenzari was noncommittal.
You were not hungry.

You visited 2 branches of the dungeon, and saw 8 of its levels.

You collected 348 gold pieces.

Inventory:

Hand Weapons
 a - a +1 war axe (weapon)
 h - a +4 quarterstaff of chaos
 i - a +1 flail of draining
 j - a +1 long sword of slicing
 w - a +1 hunting sling of flaming
 C - a +2 short sword of venom
Missiles
 d - 4 throwing nets
 F - 4 tomahawks of returning (quivered)
Armour
 b - a +0 leather armour (worn)
 c - a +0 hat (worn)
 k - a +2 cloak (worn)
 E - a +0 pair of gloves
Jewellery
 g - an uncursed amulet of harm
 m - a ring of stealth (left hand)
 n - a cursed -5 ring of protection (right hand)
 G - an amulet of regeneration (around neck)
Wands
 q - a wand of iceblast (10)
 y - a wand of disintegration (20)
Scrolls
 o - a scroll of teleportation
 r - 2 scrolls of blinking
 s - a scroll of identify {unknown}
 u - a scroll of magic mapping
 D - a scroll of random uselessness {unknown}
Potions
 e - a potion of agility
 l - a potion of brilliance
 p - a potion of might
 t - 2 potions of haste
 v - 4 potions of curing
 x - a potion of heal wounds {unknown}
 z - a potion of ambrosia {unknown}
 A - a potion of cancellation {unknown}
 B - a potion of degeneration {unknown}
 H - a potion of lignification {unknown}
Comestibles
 f - 8 rations


   Skills:
 + Level 6.1(4.6) Fighting
 + Level 8.4(6.8) Axes
 + Level 4.0(2.6) Throwing
 + Level 4.6(3.2) Armour
 + Level 7.2(5.7) Dodging
 + Level 3.7(2.3) Stealth
 + Level 3.5(2.1) Unarmed Combat
 + Level 2.1(0.8) Spellcasting


You had 11 spell levels left.
You didn't know any spells.
Your spell library was empty.

Dungeon Overview and Level Annotations

Branches:
Dungeon (7/15)             Temple (1/1) D:6

Altars:
Ashenzari
Cheibriados
Dithmenos
Fedhas
Gozag
Hepliaklqana
Qazlal
Ru
Sif Muna
Vehumet
Xom
Zin
The Shining One


Innate Abilities, Weirdness & Mutations

You reflexively headbutt those who attack you in melee.
You have a pair of horns on your head.
Your mind is acute. (Int +2)
Your flesh is cold resistant. (rC+)
Your flesh is heat resistant. (rF+)


Message History

The ice beast hits you. The ice beast freezes you. You resist.
You hit the ice beast. Your headbutt misses the ice beast.
The ice beast is heavily wounded.
The ice beast hits you. The ice beast freezes you. You resist.
You slash the ice beast!
The ice beast is severely wounded.
The ice beast barely misses you. You furiously retaliate!
You headbutt the ice beast. You slash the ice beast!
You kill the ice beast!
You hit the ogre.
The ogre is moderately wounded.
The ogre hits you with a giant club!
You barely miss the ogre. You headbutt the ogre!
The ogre is heavily wounded.
The ogre hits you with a giant club!!
* * * LOW HITPOINT WARNING * * *
As you read the scroll of teleportation, it crumbles to dust.
You feel strangely unstable. The ogre hits you with a giant club!!
You die...

#......#
.......#......#
.......###'####
.......#....# .
#....##....#
..##....##....#
..'.....##....#
#....##....#
#....O@....#
#....##....#
####'##....#
..####### ...#
..... #.....
#.....


You could see an ogre.

Vanquished Creatures
  An ice beast (D:5)
  A phantom (D:5)
  3 ogres
  A bullfrog (D:6)
  2 scorpions (D:6)
  A hound (D:4)
  Crazy Yiuf (D:2)
  An orc priest (D:3)
  A jelly (D:6)
  3 orc wizards
  An iguana (D:4)
  3 worker ants
  Robin (D:3)
  8 gnolls
  8 adders
  A howler monkey skeleton (D:5)
  An ooze (D:1)
  3 worms
  3 dart slugs
  2 leopard geckos
  16 orcs
  2 ball pythons
  4 giant cockroaches
  12 hobgoblins
  8 jackals
  6 kobolds
  5 quokkas
  6 bats
  5 frilled lizards
  25 goblins
  A quokka skeleton (D:4)
  7 rats
  A fungus (D:2)
144 creatures vanquished.

Notes
Turn   | Place    | Note
-------+----------+-------------------------------------------
     0 | D:1      | Marnok the Minotaur Gladiator began the quest for the Orb.
     0 | D:1      | Reached XP level 1. HP: 18/18 MP: 0/0
    61 | D:1      | Reached XP level 2. HP: 20/25 MP: 1/1
    64 | D:1      | Reached skill level 4 in Axes
   383 | D:1      | Reached XP level 3. HP: 26/30 MP: 2/2
   651 | D:1      | Reached skill level 6 in Axes
   651 | D:1      | Reached XP level 4. HP: 41/41 MP: 2/6
   704 | D:2      | Reached skill level 5 in Fighting
  1120 | D:2      | Found a runed door.
  1124 | D:2      | Gained mutation: Your mind is acute. (Int +2) [potion of
                  | mutation]
  1124 | D:2      | Gained mutation: Your flesh is heat resistant. (rF+)
                  | [potion of mutation]
  1124 | D:2      | Gained mutation: Your flesh is cold resistant. (rC+)
                  | [potion of mutation]
  1125 | D:2      | Noticed Crazy Yiuf
  1134 | D:2      | Killed Crazy Yiuf
  1134 | D:2      | Reached XP level 5. HP: 24/48 MP: 7/7
  1558 | D:2      | Found an opulent altar of Gozag.
  1930 | D:3      | Found a glowing silver altar of Zin.
  1936 | D:3      | Noticed Robin
  1951 | D:3      | Killed Robin
  1986 | D:3      | Reached XP level 6. HP: 41/56 MP: 8/8
  2612 | D:4      | Reached skill level 7 in Axes
  3307 | D:5      | Entered Level 5 of the Dungeon
  3340 | D:4      | Found a hazy altar of Hepliaklqana.
  3384 | D:4      | You fall through a shaft for 2 floors!
  3409 | D:6      | Reached XP level 7. HP: 61/61 MP: 9/9
  3424 | D:6      | Found a staircase to the Ecumenical Temple.
  3432 | Temple   | Entered the Ecumenical Temple
  3450 | Temple   | Became a worshipper of Ashenzari the Shackled
  4049 | D:5      | Reached skill level 8 in Axes
  4901 | D:5      | Reached XP level 8. HP: 50/70 MP: 10/10
  5288 | D:5      | Demolished by an ogre

Skill      XL: |  1  2  3  4  5  6  7  8 |
---------------+-------------------------+-----
Axes           | 4 6 7 8 |  8.4
Fighting       | 4 5 6 |  6.1
Throwing       | 4 |  4.0
Armour         | 3 4 |  4.6
Dodging        | 6 7 |  7.2
Stealth        | 2 3 |  3.7
Unarmed Combat | 3 |  3.5
Spellcasting   | 2 |  2.1

Action                   |  1- 3 |  4- 6 |  7- 9 || total
-------------------------+-------+-------+-------++-------
Melee: War axe           |    41 |   138 |    63 ||   242
       Headbutt          |     4 |    20 |    11 ||    35
  Use: Scroll            |     4 |     2 |     1 ||     7
       Potion            |     3 |     4 |       ||     7
 Stab: Sleeping          |       |     3 |     5 ||     8
       Distracted        |       |     1 |       ||     1
  Eat: Chunk             |       |     1 |     1 ||     2
       Ration            |       |     2 |     2 ||     4
Armor: Leather armour    |    18 |    19 |     1 ||    38
Dodge: Dodged            |    43 |   111 |    60 ||   214
